 Dungeon Crawl Stone Soup version 0.18-a0-888-gdb73dea (webtiles) character file.

66 filipzpl the Skirmisher (level 4, -6/29 HPs)
             Began as a Gargoyle Berserker on Dec 23, 2015.
             Was a Believer of Trog.
             Mangled by Borgoz's ghost (9 damage)
             ... on level 3 of the Dungeon.
             The game lasted 00:04:57 (1985 turns).

filipzpl the Skirmisher (Gargoyle Berserker)        Turns: 1985, Time: 00:04:57

Health: -6/29      AC: 11    Str: 21    XL:     4   Next: 15%
Magic:  4/4        EV: 10    Int:  8    God:    Trog [**....]
Gold:   119        SH:  0    Dex:  9    Spells: 0 memorised, 3 levels left

rFire  . . .     SeeInvis .     a - +0 mace
rCold  . . .     Gourm    .     o - +0 scale mail
rNeg   + . .     Faith    .     (no shield)
rPois  ∞         Spirit   .     p - +0 helmet
rElec  +         Dismiss  .     (no cloak)
rCorr  .         Reflect  .     (no gloves)
SustAt .         Harm     .     (no boots)
MR     .....                    (no amulet)
Stlth  ..........               (no ring)
                                (no ring)

@: not resistant to hostile enchantments, extremely unstealthy
A: negative energy resistance 1, electricity resistance, unbreathing,
petrification resistance, rot immunity, AC +3
a: Berserk, Trog's Hand, Burn Spellbooks, Renounce Religion


You were on level 3 of the Dungeon.
You worshipped Trog.
Trog was pleased with you.
You were near starving.

You visited 1 branch of the dungeon, and saw 3 of its levels.

You collected 119 gold pieces.

Inventory:

Hand Weapons
 a - a +0 mace (weapon)
Armour
 o - a +0 scale mail (worn)
 p - a +0 helmet (worn)
Jewellery
 j - a cursed +6 ring of intelligence
Scrolls
 b - a scroll of amnesia
 f - 2 scrolls of fear
 k - 5 scrolls of blinking
Potions
 e - 2 potions of agility {unknown}
 g - a potion of cancellation {unknown}
 i - a potion of invisibility {unknown}
 l - a potion of might {unknown}
 m - 3 potions of curing {unknown}
 s - a potion of lignification {unknown}
Comestibles
 c - 3 bread rations
 d - a fruit
 n - a beef jerky
 r - a meat ration


   Skills:
 + Level 4.0 Fighting
 + Level 3.3 Maces & Flails
 + Level 2.9 Armour
 + Level 2.3 Dodging
 + Level 0.2 Stealth


You had 3 spell levels left.
You didn't know any spells.

Dungeon Overview and Level Annotations

Branches:
Dungeon (3/15)

Altars:
Gozag

Annotations:
D:3 Borgoz's ghost, amateur CeFi


Innate Abilities, Weirdness & Mutations

You are resistant to torment.
Your stone body is resilient (AC +3).
You are immune to poison.
You resist negative energy.
You are resistant to electric shocks.
You can survive without breathing.
You are immune to petrification.
You are immune to rotting.


Message History

You are too injured to fight recklessly!
You hit Borgoz's ghost.
Borgoz's ghost is severely damaged.
Borgoz's ghost closely misses you. x2
You hit Borgoz's ghost.
Borgoz's ghost is severely damaged.
Borgoz's ghost hits you.
* * * LOW HITPOINT WARNING * * *
You hit Borgoz's ghost but do no damage.
Borgoz's ghost is severely damaged.
Borgoz's ghost hits you but does no damage.
You hit Borgoz's ghost but do no damage.
Borgoz's ghost is severely damaged.
Borgoz's ghost hits you but does no damage.
You completely miss Borgoz's ghost.
Borgoz's ghost is severely damaged.
Borgoz's ghost hits you.
* * * LOW HITPOINT WARNING * * *
Borgoz's ghost hits you!
You die...

###... ...?...
..#... ......# .
....####...#.#.
##.....<....[(
...>.......#
##.........# .
#.........# ..
#.........# ...
#.......@.# ...
#.......W.# .[
#...%.....#
#.##..........!.
#....###......#.#
#.....###
#.###### ..
....... #.# .
###.... ... #...#
...


You could see Borgoz's ghost.

Vanquished Creatures
  3 adders (D:2)
  A worm (D:2)
  6 bats
  2 giant cockroaches
  4 goblins
  2 hobgoblins
  5 jackals
  5 kobolds
  2 giant geckos (D:2)
  3 giant newts
  3 rats
36 creatures vanquished.

Notes
Turn   | Place    | Note
--------------------------------------------------------------
     0 | D:1      | filipzpl the Gargoyle Berserker began the quest for the Orb.
     0 | D:1      | Reached XP level 1. HP: 14/14 MP: 1/1
   185 | D:1      | Reached XP level 2. HP: 18/20 MP: 2/2
   656 | D:2      | HP: 1/20 [adder (2)]
   658 | D:2      | Reached XP level 3. HP: 1/24 MP: 3/3
   999 | D:2      | Reached ** piety under Trog
  1086 | D:2      | Found a faded altar to an unknown god.
  1107 | D:2      | Found an opulent altar of Gozag.
  1305 | D:2      | Reached skill level 4 in Fighting
  1367 | D:2      | Reached XP level 4. HP: 22/29 MP: 4/4
  1693 | D:3      | Noticed Borgoz's ghost (amateur CeFi)
  1985 | D:3      | Mangled by Borgoz's ghost

Vault maps used:
D:1:      minmay_arrival_checkered_box, hangedman_decor_clover_reticule,
          glass_columns_b, glass_columns_b, minivault_26
D:2:      first_bread, ecumenical_altar_2, grunt_decor_mini_mirrors,
          nicolae_gozag_cash_rules_everything_around_me
D:3:      kennysheep_the_goblin_king, corexii_item_surrounded_by_moat,
          uniq_sigmund, uniq_natasha

Action                   |  1- 3 |  4- 6 || total
-------------------------+-------+-------++-------
Melee: Mace              |   121 |    34 ||   155
  Use: Scroll            |       |     5 ||     5
  Eat: Fruit             |       |     2 ||     2
